 Dungeon Crawl Stone Soup version 0.20.1-1-g8b1a95d (webtiles) character file.

72 vatarom the Sneak (level 4, -8/23 HPs)
             Began as a Vine Stalker Assassin on Sept 15, 2017.
             Mangled by a gnoll
             ... wielding a +0 spear
              (13 damage)
             ... on level 2 of the Dungeon.
             The game lasted 00:05:17 (1407 turns).

vatarom the Sneak (Vine Stalker Assassin)           Turns: 1407, Time: 00:05:18

Health: -8/23      AC:  2    Str: 13    XL:     4   Next: 25%
Magic:  0/5        EV: 11    Int: 11    God:
Gold:   41         SH:  0    Dex: 17    Spells: 3/3 levels left

rFire    . . .     SeeInvis .   a - +2 dagger
rCold    . . .     Gourm    .   (no shield)
rNeg     . . .     Faith    .   c - +0 robe
rPois    .         Spirit   +   (no helmet)
rElec    .         Reflect  .   (no cloak)
rCorr    .         Harm     .   (no gloves)
MR       .....                  (no boots)
Stlth    +++.......             j - amulet of regeneration
Regen    0.9/turn               (no ring)
MPRegen  0.1/turn               (no ring)

@: no status effects
A: fangs 2, regeneration 1, magic shield, antimagic bite, no potion heal 3, rot
immunity
a: no special abilities


You were on level 2 of the Dungeon.
You were hungry.

You visited 1 branch of the dungeon, and saw 2 of its levels.

You collected 41 gold pieces.

Inventory:

Hand Weapons
 a - a +2 dagger (weapon)
 b - a +0 blowgun
 k - a +2 dagger of venom
Missiles
 e - 6 poisoned needles
 f - 2 curare-tipped needles
Armour
 c - a +0 robe (worn)
 d - a +0 cloak
 h - a scarf of spirit shield
Jewellery
 j - an amulet of regeneration (around neck)
Scrolls
 o - 2 scrolls of remove curse
Potions
 p - a potion of curing {unknown}
Comestibles
 g - a bread ration
 l - a chunk of flesh
 n - a royal jelly


   Skills:
 + Level 2.2 Fighting
 + Level 2.4 Short Blades
 - Level 1.7 Throwing
 - Level 0.7 Dodging
 - Level 6.3 Stealth


You had 3 spell levels left.
You didn't know any spells.

Dungeon Overview and Level Annotations

Branches:
Dungeon (2/15)

Altars:
Fedhas
Gozag
Makhleb
The Shining One


Innate Abilities, Weirdness & Mutations

You have extremely sharp teeth.
Your natural rate of healing is unusually fast.
When hurt, damage is shared between your health and your magic reserves.
Your bite disrupts and absorbs the magic of your enemies.
Potions cannot restore your health.
You are immune to rotting.


Message History

You hit the gnoll.
The gnoll is lightly wounded.
The gnoll hits you with a spear!
You hit the gnoll.
The gnoll is moderately wounded.
The gnoll hits you with a spear!
* * * LOW HITPOINT WARNING * * *
You hit the gnoll.
The gnoll is heavily wounded.
You hit the gnoll.
The gnoll is heavily wounded.
The gnoll closely misses you.
You barely miss the gnoll.
The gnoll is heavily wounded.
The gnoll hits you but does no damage.
You hit the gnoll.
The gnoll is severely wounded.
The gnoll hits you with a spear!
Ouch! That really hurt!
You die...

#
#.########.###
#....(.K.gg.g.
####.#####.###
#.#####...
###.........
#.@g.###.#.
#)##.# #(##.#
#(##.# #(##.#
#(##.# ....
#(##.#
##.....#
#.##.. ......#
#.#### #.....#


You could see a gnoll.

Vanquished Creatures
  3 gnolls (D:2)
  2 dart slugs
  3 giant cockroaches (D:1)
  A goblin (D:1)
  7 hobgoblins
  A quokka (D:2)
  6 bats
  6 frilled lizards
  9 kobolds
  3 rats
41 creatures vanquished.

Notes
Turn   | Place    | Note
-------+----------+-------------------------------------------
     0 | D:1      | vatarom the Vine Stalker Assassin began the quest for the Orb.
     0 | D:1      | Reached XP level 1. HP: 11/11 MP: 2/2
    39 | D:1      | Reached skill level 5 in Stealth
   126 | D:1      | Reached XP level 2. HP: 13/15 MP: 3/3
   529 | D:1      | Reached skill level 6 in Stealth
   810 | D:1      | Reached XP level 3. HP: 15/18 MP: 4/4
  1287 | D:2      | Found a glowing golden altar of the Shining One.
  1288 | D:2      | Found a burning altar of Makhleb.
  1288 | D:2      | Found an opulent altar of Gozag.
  1289 | D:2      | Found a blossoming altar of Fedhas.
  1374 | D:2      | Gained mutation: Your natural rate of healing is unusually fast. [Vine Stalker growth]
  1374 | D:2      | Reached XP level 4. HP: 5/23 MP: 0/5
  1407 | D:2      | Mangled by a gnoll

Skill      XL: |  1  2  3 |
---------------+----------+-----
Stealth        | 5 6 |  6.3
Short Blades   | 2 |  2.4
Fighting       | 2 |  2.2
Throwing       | |  1.7
Dodging        | |  0.7

Action                   |  1- 3 |  4- 6 || total
-------------------------+-------+-------++-------
Melee: Dagger            |   125 |    10 ||   135
       Bite              |    38 |       ||    38
 Fire: Blowgun           |     2 |       ||     2
  Use: Scroll            |     3 |       ||     3
       Potion            |     1 |       ||     1
 Stab: Sleeping          |     9 |       ||     9
  Eat: Chunk             |     1 |       ||     1
Armor: Robe              |    34 |       ||    34
       Skin              |    11 |    15 ||    26
Dodge: Dodged            |    74 |     4 ||    78
